Map: Neon Violet Square LE

Players

DVD

  • Race: Terran Terran
  • League: Diamond
  • Spawn Location: 5:00

Stropheum - Winner!

  • Race: Zerg Zerg
  • League: Diamond
  • Spawn Location: 11:00

VOD

Have the link to the VOD?

Description

Very long game that i could have closed out earlier but got very rustled from aggro drops

Time

  • Played on: April 14, 2018, 8:02 p.m.
  • Length: 28:31
Show
View Real Time Build Order
Export as new Build Order

DVD Terran 

Build Orders: Reaper Expand, MMM Bio 

Get SALT Encoding   

  12  0:00  SCV  
  13  0:13  SCV  
  14  0:18  Supply Depot  
  14  0:25  SCV  
  15  0:40  SCV  
  15  0:42  Barracks  
  16  0:45  Refinery  
  16  0:52  SCV  
  17  1:04  SCV  
  18  1:16  SCV  
  19  1:29  Orbital Command  
  19  1:30  Reaper  
  20  1:43  Command Center  
  20  1:51  Supply Depot  
  20  1:55  SCV  
  21  2:05  Barracks  
  21  2:08  SCV  
  22  2:13  Barracks Tech Lab  
  22  2:23  SCV  
  22  2:24  Factory  
  22  2:26  Refinery  
  23  2:35  SCV, Marine  
  25  2:47  SCV  
  26  2:52  Stimpack  
  26  2:54  Marine  
  26  2:56  Orbital Command  
  27  2:58  Bunker  
  27  3:01  SCV  
  28  3:06  Marine  
  28  3:12  Barracks Reactor  
  28  3:17  SCV  
  29  3:21  Starport  
  29  3:23  SCV  
  30  3:27  Factory Reactor  
  30  3:29  SCV, Marine  
  32  3:35  SCV  
  32  3:41  SCV  
  34  3:43  Supply Depot  
  34  3:47  SCV, Marine  
  36  3:50  Marine x2  
  38  4:01  SCV x2  
  40  4:07  Marine  
  40  4:08  Marine  
  42  4:11  Factory Tech Lab, Supply Depot  
  42  4:13  SCV  
  43  4:17  Medivac x2  
  43  4:21  Marine  
  43  4:23  SCV  
  49  4:25  SCV, Marine  
  51  4:32  Siege Tank  
  51  4:33  Marine  
  51  4:35  Supply Depot  
  51  4:37  SCV  
  51  4:38  SCV  
  57  4:39  Marine  
  57  4:40  Refinery  
  58  4:46  Engineering Bay x2, Marine  
  58  4:51  Marine  
  60  5:05  Marine x2  
  60  5:06  SCV, Supply Depot  
  63  5:18  Medivac, SCV  
  63  5:19  SCV  
  67  5:25  Command Center  
  67  5:26  Combat Shields  
  67  5:27  Marine x2  
  67  5:28  Terran Infantry Weapons Level 1  
  69  5:33  Barracks  
  69  5:35  Barracks  
  64  5:44  Siege Tank  
  64  5:45  Marine x3  
  70  5:53  SCV  
  70  5:55  Barracks x2  
  70  5:56  Barracks  
  71  6:03  Marine  
  71  6:04  Armory  
  72  6:06  Supply Depot  
  72  6:08  SCV x2  
  72  6:09  Marine  
  75  6:32  Marine x2  
  77  6:33  Barracks Reactor x2  
  77  6:35  SCV x2  
  79  6:40  Supply Depot  
  79  6:41  Orbital Command  
  79  6:47  SCV  
  80  7:07  SCV  
  80  7:18  Orbital Command  
  80  7:19  Marine x2  
  80  7:20  Marine x7  
  80  7:21  Marauder  
  87  7:31  SCV x2  
  88  7:37  Marine x6  
  88  7:42  Marauder  
  88  7:43  SCV x2  
  88  7:44  Medivac x2, Siege Tank, Marine  
  101  7:45  Terran Infantry Weapons Level 2  
  101  7:46  Terran Infantry Armor Level 1, SCV  
  106  7:53  Command Center  
  106  7:55  SCV x2  
  108  7:59  SCV  
  108  8:04  Barracks Tech Lab x2  
  108  8:05  Barracks Reactor  
  109  8:08  Supply Depot  
  109  8:09  Supply Depot  
  109  8:23  Supply Depot x2  
  109  8:25  Supply Depot  
  109  8:29  Medivac, Siege Tank, SCV, Marauder  
  109  8:31  Marauder, SCV, Marine x5  
  125  8:42  SCV x2, Marine x2  
  125  8:44  SCV  
  125  8:51  Marauder  
  125  8:54  SCV, Marine x7  
  125  8:55  Marauder  
  137  9:00  Marine  
  138  9:21  Marine x3  
  138  9:22  Marauder, Marine x6  
  138  9:23  Marauder, SCV x2  
  145  9:36  Medivac x2, SCV x2  
  147  9:48  Marine x2  
  147  9:49  Marauder  
  141  10:06  Marine x2  
  141  10:07  Marauder, SCV x2  
  141  10:16  Marine  
  141  10:17  SCV  
  141  10:18  Orbital Command  
  141  10:19  SCV  
  141  10:20  SCV, Marine x7  
  152  10:24  Marine  
  152  10:28  Marauder, Marine  
  154  10:29  SCV  
  154  10:32  Barracks  
  154  10:33  Liberator  
  154  10:34  Barracks x2  
  154  10:35  Barracks  
  143  10:37  Terran Infantry Weapons Level 3  
  143  10:39  Marauder  
  143  10:40  Terran Infantry Armor Level 2  
  143  10:41  Terran Vehicle Weapons Level 1  
  145  10:45  Refinery, Marine x8  
  145  10:46  Refinery, Marine  
  145  10:49  Marine  
  155  10:50  Siege Tank  
  161  11:00  Marauder  
  163  11:04  Marine  
  163  11:05  Starport  
  163  11:08  Supply Depot  
  163  11:10  Refinery, Supply Depot  
  164  11:11  Supply Depot  
  164  11:14  Refinery  
  164  11:29  Marine x6  
  164  11:30  Marauder  
  164  11:32  Marine x4  
  176  11:37  Barracks Tech Lab x2, Barracks Reactor x2  
  176  11:46  Medivac x2  
  182  11:47  Marine x4  
  182  11:48  Marauder  
  188  11:55  Supply Depot x2  
  188  11:56  Starport  
  188  11:58  Starport Reactor, Marauder  
  188  12:06  Refinery  
  188  12:07  Supply Depot x2  
  188  12:16  Siege Tank, Marine x5  
  188  12:17  Marauder x2  
  200  12:28  Marine  
  185  12:40  Starport Tech Lab  
  185  12:42  Liberator x3  
  185  12:48  Marine x4  
  185  12:49  Marauder  
  188  12:54  Command Center  
  188  13:04  Terran Ship Weapons Level 1  
  188  13:05  Terran Infantry Armor Level 3, Fusion Core, Marine  
  197  13:06  Marine x2  
  191  13:39  Liberator  
  191  13:42  Command Center  
  191  13:51  Marine  
  191  13:52  Marauder, Marine x3  
  194  13:56  Siege Tank  
  200  14:06  Marine  
  200  14:07  Marauder  
  189  14:12  Liberator  
  189  14:13  Liberator x2  
  178  14:20  Command Center, Marine x3  
  178  14:21  Marauder  
  171  14:31  Siege Tank, Marine x3  
  183  14:32  Marauder  
  188  14:47  Barracks Reactor, Marine  
  186  14:54  Planetary Fortress  
  186  14:55  Command Center  
  178  15:03  Advanced Ballistics  
  170  15:12  Liberator x2  
  156  15:18  Building Armor, Terran Vehicle Weapons Level 2  
  152  15:23  Marine, Liberator x2  
  152  15:24  Marauder, Marine, Liberator  
  148  15:30  Marauder, Marine x2  
  148  15:34  Marine x2  
  125  15:39  Marine x9  
  125  15:41  Siege Tank, Marine x2  
  117  15:46  Marauder  
  117  15:47  Marine  
  117  15:48  Marine  
  119  15:52  Marauder, Marine  
  121  15:58  SCV x4  
  125  16:10  SCV x2  
  127  16:12  Medivac x2  
  127  16:13  Planetary Fortress  
  127  16:15  Siege Tank  
  127  16:16  Marine x9  
  127  16:17  Marauder x3, Marine x2  
  127  16:18  Marine  
  152  16:32  Marine  
  153  16:38  Medivac x3  
  153  16:45  Medivac x2, Marine x7  
  153  16:46  Marine x3  
  167  16:53  SCV x3  
  170  17:01  Liberator x2  
  170  17:14  Medivac x2  
  174  17:19  Marine x5  
  174  17:20  Marauder x3  
  174  17:22  Liberator  
  191  17:36  Marine  
  193  17:37  Marauder  
  193  17:40  Marine x3  
  193  17:41  Marine  
  200  17:45  Refinery x2  
  194  18:16  Marine x6  
  194  18:29  Viking  
  194  18:30  Viking x2  
  197  18:42  Viking  
  197  18:43  Marine  
  197  18:45  Planetary Fortress  
  197  18:48  Refinery x2  
  179  19:15  Marine x4  
  179  19:16  Marauder  
  162  19:18  Viking x2  
  162  19:19  Marauder, Marine x5  
  162  19:22  Siege Tank  
  176  19:28  Liberator x2  
  176  19:30  Marine  
  177  19:33  Terran Vehicle And Ship Armor Level 1  
  177  19:34  Marine x3  
  177  19:35  Marauder  
  188  19:45  Marine  
  183  19:58  Viking x2, Marine  
  183  19:59  Marauder, Marine x2  
  186  20:02  Marine  
  173  20:08  Viking  
  173  20:09  Marine  
  173  20:13  Missile Turret  
  173  20:14  Liberator, Missile Turret x2  
  159  20:15  SCV x4  
  159  20:16  Marine  
  159  20:17  Command Center  
  164  20:26  Marine  
  164  20:27  Marauder, Marine x4  
  164  20:28  Viking x2, Marine  
  175  20:29  Marine x9  
  175  20:35  Missile Turret  
  188  20:43  Marine  
  188  20:44  Marine x5  
  188  20:46  Marine  
  188  20:49  Viking  
  194  20:50  Marine  
  194  20:51  Marauder  
  197  21:03  Viking  
  199  21:07  Starport  
  199  21:08  Starport  
  199  21:23  Marine  
  199  21:24  Marauder x2, Marine x3  
  177  21:31  Marauder, Marine x3  
  154  21:33  Marine x2  
  154  21:34  Marauder, Viking x2  
  156  21:46  Marine  
  156  21:47  Viking x3, Marine  
  164  21:54  Marine  
  164  21:55  Marine  
  164  21:58  Starport Reactor  
  166  22:01  Marine x4  
  166  22:02  Marauder  
  172  22:20  Planetary Fortress  
  172  22:22  SCV x3  
  175  22:23  SCV, Marine  
  177  22:37  Marine x5  
  177  22:38  Marauder x2, Marine x2  
  177  22:39  SCV x2  
  190  22:50  Marauder x2  
  190  22:51  Marauder, Marine x4  
  193  22:52  Marine  
  198  23:00  Marauder  
  200  23:12  Marauder  
  190  23:16  Marauder, Marine x6  
  190  23:17  Marauder, Liberator x3  
  190  23:18  Liberator  
  159  23:20  Refinery  
  159  23:23  Refinery  
  131  23:33  Siege Tank, Marine x4  
  124  23:35  Marine x6  
  124  23:36  Marauder x2, Marine x2  
  148  23:47  Marine x2  
  148  23:48  Medivac x3  
  156  23:50  Medivac  
  156  23:54  SCV  
  159  24:03  Marine x3  
  162  24:15  Marine x6  
  162  24:16  Marauder x3, Marine x2  
  176  24:17  Medivac, Viking x2  
  182  24:32  Marine x6  
  182  24:33  Marine  
  182  24:37  Marauder  
  191  24:42  Marine  
  191  24:43  Marauder  
  191  24:51  Liberator x2  
  191  24:52  Liberator  
  158  25:07  Marine x3  
  158  25:08  Marine x2  
  158  25:09  Viking  
  158  25:10  Viking, Marine x2  
  158  25:11  Marauder  
  169  25:19  Orbital Command  
  162  25:24  Marine x2  
  162  25:25  Marauder x2, Marine x2  
  166  25:30  Medivac  
  166  25:31  Medivac  
  154  25:36  Liberator  
  154  25:37  Liberator  
  144  25:54  Marine  
  149  25:58  Orbital Command  
  136  26:06  Marine x4  
  115  26:19  SCV x3  
  118  26:37  Marine x6  
  118  26:38  Marauder  
  117  26:49  Marine x2  
  117  26:50  Marauder  
  104  27:07  Marine x9  
  84  27:16  Marine  
  84  27:17  Marine x2  
  84  27:23  Marine x2  
  84  27:26  Orbital Command  
  86  27:48  Marine  
  86  27:49  Marine x8  
  86  27:50  SCV x4  
  99  27:55  SCV  
  99  27:56  Marine x2  
  102  28:02  SCV  
  103  28:09  SCV  
  103  28:10  SCV  
Show
View Real Time Build Order
Export as new Build Order

Stropheum Zerg - Winner!

Build Orders: Hatch First 

Get SALT Encoding   

  12  0:01  Drone  
  13  0:14  Overlord  
  13  0:18  Drone  
  14  0:32  Drone x2  
  16  0:36  Drone  
  17  0:54  Hatchery  
  16  0:57  Drone  
  16  1:00  Drone  
  18  1:12  Extractor  
  18  1:16  Spawning Pool  
  16  1:21  Drone  
  16  1:24  Drone  
  18  1:30  Drone  
  19  1:40  Overlord  
  19  2:05  Queen  
  19  2:06  Zergling x2, Queen  
  19  2:07  Zergling x4  
  26  2:12  Drone  
  26  2:15  Metabolic Boost  
  27  2:18  Drone  
  28  2:25  Overlord  
  28  2:40  Drone  
  28  2:41  Queen  
  31  2:46  Drone x2  
  31  2:47  Drone  
  31  2:50  Drone  
  35  2:55  Pneumatized Carapace  
  36  2:58  Drone  
  36  3:14  Hatchery  
  35  3:25  Drone x3  
  35  3:26  Drone  
  39  3:30  Drone  
  39  3:31  Drone x2  
  39  3:33  Drone  
  43  3:36  Drone  
  44  3:42  Lair  
  44  3:47  Evolution Chamber  
  43  3:51  Baneling Nest  
  42  3:59  Overlord x2  
  42  4:06  Overlord  
  42  4:10  Extractor  
  42  4:13  Overlord  
  41  4:19  Drone x3  
  41  4:20  Drone x4  
  48  4:26  Queen  
  50  4:35  Zerg Melee Weapons Level 1  
  50  4:38  Zergling x4  
  50  4:39  Extractor, Zergling x6  
  55  4:52  Zergling x2  
  55  4:53  Zergling x8  
  59  5:07  Overlord x2  
  59  5:12  Centrifical Hooks  
  59  5:15  Baneling x3  
  59  5:20  Zergling x18  
  68  5:25  Baneling x2  
  68  5:32  Overlord x2  
  65  5:50  Baneling x2  
  65  5:51  Baneling  
  65  5:52  Drone x6  
  65  5:53  Drone x6  
  77  6:09  Baneling x2  
  77  6:10  Overlord  
  77  6:16  Zergling x10  
  77  6:18  Hatchery  
  81  6:22  Extractor  
  81  6:23  Extractor  
  79  6:26  Drone x7  
  86  6:42  Zergling x14  
  86  6:45  Zerg Melee Weapons Level 2  
  93  6:47  Drone  
  94  6:54  Drone  
  94  6:55  Drone x8  
  101  7:16  Zergling x2  
  101  7:17  Zergling x10  
  101  7:22  Baneling x2  
  96  7:40  Drone x8  
  96  7:41  Drone x3  
  107  7:49  Evolution Chamber  
  107  7:50  Hydralisk Den  
  105  7:52  Infestation Pit  
  104  8:03  Overlord x2  
  104  8:04  Drone x3, Overlord  
  104  8:05  Drone x4  
  111  8:13  Extractor  
  110  8:22  Grooved Spines, Hatchery  
  109  8:28  Hive  
  109  8:30  Hatchery  
  108  8:40  Hydralisk x13  
  108  8:41  Hydralisk  
  126  8:51  Hydralisk  
  126  8:52  Overlord x4  
  126  8:53  Overlord x5  
  128  8:57  Zerg Ground Armor Level 1  
  128  9:01  Zerg Missile Weapons Level 1  
  128  9:09  Extractor  
  127  9:10  Extractor  
  127  9:14  Hydralisk x3  
  127  9:15  Hydralisk x6  
  122  9:33  Drone x14, Muscular Augments  
  122  9:35  Drone  
  137  9:41  Baneling x3  
  121  10:03  Hydralisk x7  
  121  10:04  Hydralisk x3  
  139  10:12  Drone x8  
  146  10:23  Queen  
  148  10:30  Hatchery  
  145  10:44  Drone x11  
  156  10:57  Adrenal Glands  
  156  10:58  Zergling x2  
  156  10:59  Spire, Ultralisk Cavern, Zergling x16  
  163  11:14  Hydralisk x2  
  163  11:15  Hydralisk x4  
  175  11:33  Overlord x2  
  175  11:36  Zerg Ground Armor Level 2  
  175  11:37  Zerg Melee Weapons Level 3  
  174  11:41  Queen  
  174  11:42  Queen x3  
  174  11:43  Drone  
  174  11:44  Drone x9  
  174  11:46  Spore Crawler  
  191  11:50  Spine Crawler  
  190  11:55  Chitinous Plating  
  190  11:57  Ultralisk  
  190  11:59  Zergling x6  
  199  12:08  Overseer  
  199  12:13  Hatchery  
  198  12:15  Extractor x2  
  183  12:39  Ultralisk x2  
  189  12:51  Baneling x10  
  189  12:52  Baneling x8  
  189  12:53  Zerg Flyer Weapons Level 1  
  189  13:02  Drone x7  
  189  13:03  Drone x3  
  197  13:29  Extractor, Spine Crawler  
  197  13:30  Spore Crawler  
  197  13:32  Extractor  
  193  13:49  Ultralisk  
  191  14:06  Ultralisk  
  173  14:18  Ultralisk x6  
  173  14:31  Baneling x4  
  173  14:32  Ultralisk x3  
  173  14:36  Zerg Missile Weapons Level 2, Zerg Ground Armor Level 3  
  191  14:52  Overlord x4  
  190  14:53  Hatchery  
  190  14:56  Overlord  
  188  15:02  Hatchery  
  188  15:04  Zergling x8  
  188  15:05  Zergling x10  
  172  15:26  Ultralisk x3  
  189  15:33  Zergling x10  
  162  15:41  Hydralisk x3  
  153  15:58  Hatchery  
  153  16:03  Drone x6  
  153  16:04  Drone x4  
  161  16:30  Hydralisk x6  
  172  16:38  Baneling  
  172  16:39  Baneling x5  
  172  16:46  Hatchery  
  171  17:03  Ultralisk  
  171  17:04  Ultralisk x2  
  171  17:07  Viper x2  
  171  17:08  Viper  
  196  18:11  Corruptor  
  197  18:40  Spine Crawler  
  196  18:41  Spine Crawler  
  196  18:42  Drone x4  
  196  18:46  Spore Crawler x2, Spine Crawler  
  196  18:49  Spore Crawler  
  196  18:51  Spine Crawler  
  196  18:52  Spore Crawler x2, Spine Crawler  
  196  18:53  Spine Crawler  
  165  19:12  Hydralisk x10  
  165  19:16  Corruptor  
  139  19:17  Corruptor x18  
  139  19:20  Ultralisk  
  183  19:27  Ultralisk  
  185  19:45  Extractor  
  185  19:49  Overlord x3  
  178  20:06  Overlord x2  
  178  20:07  Overlord x2  
  166  20:12  Ultralisk x2  
  174  20:18  Ultralisk  
  178  20:38  Hatchery  
  177  20:54  Drone x3  
  177  20:55  Drone x2  
  177  20:56  Drone  
  184  20:57  Drone x9  
  184  21:04  Ultralisk  
  198  21:08  Zerg Flyer Weapons Level 2  
  198  21:24  Ultralisk  
  140  21:47  Ultralisk x3  
  152  21:57  Infestor  
  152  21:58  Infestor x6  
  166  22:07  Ultralisk  
  172  22:11  Ultralisk  
  178  22:20  Ultralisk  
  184  22:24  Ultralisk  
  190  22:36  Ultralisk  
  196  22:47  Extractor  
  196  22:48  Extractor  
  177  23:14  Hatchery  
  177  23:17  Hatchery  
  177  23:19  Ultralisk  
  177  23:20  Ultralisk x4  
  177  23:22  Zergling x2  
  177  23:23  Zergling x10  
  173  23:39  Burrow  
  161  23:48  Baneling x4  
  161  23:49  Baneling x6  
  161  23:51  Baneling x2  
  161  23:52  Zergling x18  
  161  23:53  Zergling x12  
  176  24:07  Infestor x4  
  176  24:08  Infestor  
  186  24:11  Pathogen Glands  
  186  24:21  Drone x3  
  186  24:22  Drone x2  
  191  24:33  Queen x4  
  184  24:52  Ultralisk x2  
  181  25:11  Extractor  
  181  25:13  Extractor  
  174  25:16  Corruptor x3  
  178  25:27  Hatchery  
  177  25:36  Zergling x16  
  177  25:42  Queen  
  172  25:53  Drone  
  172  25:54  Drone x8  
  169  26:11  Drone x10  
  169  26:12  Drone x2  
  180  26:20  Baneling  
  180  26:21  Baneling x4  
  180  26:26  Infestor x10  
  180  26:45  Corruptor x7  
  157  27:00  Ultralisk x2  
  142  27:28  Ultralisk x3  
  142  27:29  Ultralisk  
  166  27:36  Zergling x22  
  177  27:43  Ultralisk  
  181  27:47  Infestor x5  
  181  27:48  Infestor x5  
  179  27:55  Baneling  
  179  27:56  Baneling x21  
  179  28:03  Drone x2  
  179  28:04  Drone x7  
  188  28:19  Hatchery  
Tags
 
Add a new tag
Caveats
  • Supply blocks, unpowered buildings, or Contaminate may cause inaccurate times.
  • Supply counts are checked every 10 seconds.